 Dungeon Crawl Stone Soup version 0.29.1-13-g9f3cf754e1 (webtiles) character file.

Game seed: 11004781969999826506

809 cheesebisquit the Skirmisher (level 7, 0/55 (56) HPs)
             Began as a Minotaur Hunter on Jan 22, 2023.
             Slain by a wight
             ... wielding a +5 dagger
              (4 damage)
             ... on level 5 of the Dungeon on Jan 23, 2023.
             The game lasted 00:21:55 (5238 turns).

cheesebisquit the Skirmisher (Minotaur Hunter)      Turns: 5238, Time: 00:21:56

HP:   0/55 (56)     AC:  9    Str: 15    XL:     7   Next: 61%
MP:   6/6           EV: 12    Int:  6    God:
Gold: 78            SH:  0    Dex: 16    Spells: 6/6 levels left

rFire   . . .      SeeInvis .   a - +0 shortbow
rCold   + . .      Faith    .   (shield currently unavailable)
rNeg    . . .      Spirit   .   i - +0 leather armour {rC+}
rPois   +          Reflect  .   (helmet restricted)
rElec   .          Harm     .   (no cloak)
rCorr   .          Rampage  .   (no gloves)
Will    .....                   n - +1 pair of boots
Stlth   +.........              (no amulet)
HPRegen 0.18/turn               d - ring of poison resistance
MPRegen 0.10/turn               g - +4 ring of protection

@: lightly drained
A: horns 2, retaliatory headbutt
a: no special abilities


You were on level 5 of the Dungeon.
You visited 2 branches of the dungeon, and saw 6 of its levels.

You collected 220 gold pieces.
You spent 142 gold pieces at shops.

Inventory:

Hand Weapons
 a - a +0 shortbow (weapon)
Armour
 i - a +0 leather armour of cold resistance (worn)
 n - a +1 pair of boots (worn)
Jewellery
 d - a ring of poison resistance (left hand)
 g - a +4 ring of protection (right hand)
Wands
 h - a wand of light (2)
 l - a wand of mindburst (16)
 q - a wand of polymorph (13)
Scrolls
 b - a scroll of immolation
 c - 2 scrolls of butterflies
 f - 2 scrolls of enchant armour
 k - a scroll of amnesia
 m - a scroll of acquirement {unknown}
 s - a scroll of teleportation
Potions
 j - 2 potions of curing
 o - 2 potions of berserk rage
 p - a potion of ambrosia
 r - a potion of flight {unknown}


   Skills:
 - Level 2.4 Fighting
 + Level 10.4 Ranged Weapons
 - Level 2.1 Dodging
 - Level 0.7 Stealth


You had 6 spell levels left.
You didn't know any spells.
Your spell library contained the following spells:

 Spells                   Type           Power      Damage    Failure   Level
 Blink                    Tloc           0%         N/A       67%         2
 Inner Flame              Hex/Fire       0%         N/A       88%         3
 Ozocubu's Armour         Ice            0%         N/A       88%         3
 Cause Fear               Hex            0%         N/A       99%         4
 Manifold Assault         Tloc           0%         N/A       100%        5
 Metabolic Englaciation   Hex/Ice        0%         N/A       100%        5
 Simulacrum               Ice/Necr       0%         N/A       100%        6
 Storm Form               Tmut/Air       0%         N/A       100%        7
 Discord                  Hex            0%         N/A       100%        8


Dungeon Overview and Level Annotations

Branches:
Dungeon (5/15)             Temple (1/1) D:4

Altars:
Ashenzari
Elyvilon
Fedhas
Gozag
Hepliaklqana
Kikubaaqudgha
Makhleb
Nemelex Xobeh
Qazlal
Ru
Sif Muna
Trog
Uskayaw
Vehumet
Wu Jian
Xom
Zin
The Shining One

Shops:
D:2 [   D:4 !


Innate Abilities, Weirdness & Mutations

You have a pair of horns on your head.
You reflexively headbutt those who attack you in melee.


Message History

You shoot an arrow. The arrow hits the wight.
You destroy the wight!
Your life force feels restored.
You shoot an arrow.
The arrow hits the wight but does no damage.
The wight hits you with a +5 dagger.
You shoot an arrow. The arrow hits the wight.
The wight is lightly damaged.
The wight hits you but does no damage.
You shoot an arrow.
The arrow hits the wight but does no damage.
The wight is lightly damaged.
The wight hits you with a +5 dagger!
You are too injured to fight recklessly!
The wight hits you with a +2 war axe! The wight attacks as you move away!
The wight hits you but does no damage. The wight attacks as you move away!
The wight hits you but does no damage.
You are too injured to fight recklessly!
Fire: a) +0 shortbow
Press: ? - help, Q - select action, (/) - cycle Shift-Dir - straight line, f - wight, p - wight
Aim: a wight, wielding a +2 war axe and wearing a +0 robe (66% to hit)
You shoot an arrow. The arrow barely misses the wight. x2
The wight completely misses you.
Fire: a) +0 shortbow
Press: ? - help, Q - select action, (/) - cycle Shift-Dir - straight line, f/p - wight
Aim: a wight, wielding a +2 war axe and wearing a +0 robe (66% to hit)
You shoot an arrow. The arrow hits the wight!
The wight is heavily damaged.
The wight hits you with a +2 war axe! The wight closely misses you.
You furiously retaliate!
You headbutt the wight!
Fire: a) +0 shortbow
Press: ? - help, Q - select action, (/) - cycle Shift-Dir - straight line, f - wight, p - wight
Aim: a wight, wielding a +5 dagger and wearing a +0 robe (severely damaged, 66% to hit)
You shoot an arrow. The arrow closely misses the wight.
The wight hits you with a +2 war axe!
* * * LOW HITPOINT WARNING * * *
You feel drained.
* * * LOW HITPOINT WARNING * * *
The wight hits you with a +5 dagger.
You die...

...#............##
#.....####
............###..##
#....## .......######
##).## ##....##
.....####..##
##..###..##..##
#..#####....##
##....>####..## #..#
#......## ##...## ##..##
#..# #....#..## #...#
##..## #..#
#...z##..####...## ##..#
#..# ##..)###.z@......##
##.. #..#
###.).##z........## ##..
...#
##........####..#####...
..## ##......##
##...#..... ### ##....##
##........ #....#
##....... ##..##
#..##### #..# #.### #.##
#.


You could see 2 wights.

Vanquished Creatures
  A centaur (D:5)
  A phantom (D:4)
  2 scorpions
  3 wights (D:5)
  Jessica (D:3)
  Natasha (thrice) (D:2)
  An iguana (D:5)
  An orc wizard (D:5)
  Ijyb (D:3)
  Robin (D:2)
  6 adders
  3 gnolls (D:5)
  A river rat (D:3)
  3 worms
  A dart slug (D:4)
  7 orcs
  4 endoplasms
  5 giant cockroaches
  6 goblins
  11 hobgoblins
  6 jackals
  4 quokkas
  10 ball pythons
  4 bats
  A frilled lizard (D:2)
  3 kobolds
  8 rats
98 creatures vanquished.

Vanquished Creatures (others)
  5 fungi (D:1)
  9 plants
14 creatures vanquished.

Grand Total: 112 creatures vanquished

Notes
Turn   | Place    | Note
-------+----------+-------------------------------------------
     0 | D:1      | cheesebisquit the Minotaur Hunter began the quest for the
                  | Orb.
     0 | D:1      | Reached XP level 1. HP: 18/18 MP: 0/0
   152 | D:1      | Reached XP level 2. HP: 25/25 MP: 1/1
   180 | D:1      | Reached skill level 5 in Ranged Weapons
   438 | D:1      | Found a faded altar of an unknown god.
   779 | D:2      | Noticed Natasha
   787 | D:2      | Killed Natasha
   788 | D:2      | Reached XP level 3. HP: 17/30 MP: 2/2
   791 | D:2      | Reached skill level 6 in Ranged Weapons
   794 | D:2      | Reached XP level 4. HP: 19/37 MP: 3/3
   908 | D:2      | Noticed Natasha
   913 | D:2      | Killed Natasha
   988 | D:2      | Found Nextoo's Antique Armour Shop.
  1132 | D:2      | Noticed Natasha
  1140 | D:2      | Killed Natasha
  1490 | D:2      | Reached skill level 7 in Ranged Weapons
  1490 | D:2      | Reached XP level 5. HP: 42/42 MP: 4/4
  1490 | D:2      | Noticed Robin
  1498 | D:2      | Killed Robin
  1630 | D:2      | Bought a pair of boots for 72 gold pieces
  1978 | D:3      | Found a shimmering blue altar of Sif Muna.
  2074 | D:3      | Noticed Ijyb
  2083 | D:3      | Killed Ijyb
  2374 | D:3      | Noticed Jessica
  2392 | D:3      | Killed Jessica
  2403 | D:3      | Reached skill level 8 in Ranged Weapons
  2635 | D:4      | Noticed a phantom
  2726 | D:4      | Found a hide-covered altar of Uskayaw.
  2776 | D:4      | Noticed a +0 hand axe
  2779 | D:4      | Noticed a +0 hand axe
  2821 | D:4      | Found a staircase to the Ecumenical Temple.
  2827 | Temple   | Entered the Ecumenical Temple
  2975 | D:4      | Reached XP level 6. HP: 43/50 MP: 5/5
  3114 | D:4      | Found Puuhete's Distillery.
  3122 | D:4      | Bought a potion of heal wounds for 70 gold pieces
  3593 | D:4      | Found an opulent altar of Gozag.
  3594 | D:4      | Found an ancient bone altar of Kikubaaqudgha.
  3839 | D:5      | Entered Level 5 of the Dungeon
  4001 | D:5      | Reached skill level 9 in Ranged Weapons
  4283 | D:5      | Reached XP level 7. HP: 54/56 MP: 6/6
  5026 | D:5      | Reached skill level 10 in Ranged Weapons
  5238 | D:5      | Slain by a wight

Illustrated notes

Levels and vault maps discovered:
D:1:      lightli_molten_gateway, layout_loops_cross,
          shapermc_ecumenical_altar_mp_urbaneastern
D:2:      layout_loops_ring, serial_forest, infiniplex_forest_clump_small,
          infiniplex_forest_lined_room_3, infiniplex_forest_straight_3,
          infiniplex_forest_straight_2, infiniplex_forest_clump_small,
          infiniplex_forest_clump_tiny, infiniplex_forest_end_1, serial_shops,
          nicolae_shop_hallway_stairs, nicolae_wormholes, uniq_robin,
          uniq_natasha
D:3:      layout_basic, mainiacjoe_overflow_small_starburst,
          portal_sewer_entry_e, minmay_misc_feat_ornament, uniq_jessica,
          uniq_ijyb
D:4:      layout_basic, dancing_weapons_uskayaw,
          gammafunk_temple_overflow_pools, minmay_temple_entry_wispy,
          serial_shops, nicolae_shop_statue_plus, minivault_4,
          minmay_quadrilaterals
D:5:      layout_layer_cave
Temple:   eino_temple_lava

Skill      XL: |  1  2  3  4  5  6  7 |
---------------+----------------------+-----
Ranged Weapons | 5 6 7 8 9 10 | 10.4
Fighting       | |  2.4
Dodging        | |  2.1
Stealth        | |  0.7

Action                   |  1- 3 |  4- 6 |  7- 9 || total
-------------------------+-------+-------+-------++-------
 Fire: Shortbow          |    76 |   211 |    61 ||   348
  Use: Scroll            |       |    10 |     4 ||    14
       Potion            |       |     1 |       ||     1
Armor: Leather armour    |     8 |    38 |    11 ||    57
Dodge: Dodged            |    15 |    81 |     8 ||   104
